 Dungeon Crawl Stone Soup version 0.28.0-43-g3370ac3207 (webtiles) character file.

Game seed: 69801141168658309

39 pkoi the Chopper (level 3, -2/33 HPs)
             Began as a Hill Orc Monk on Mar 21, 2022.
             Slain by an orc wizard
             ... wielding a +0 dagger
              (3 damage)
             ... on level 3 of the Dungeon.
             The game lasted 00:02:00 (3179 turns).

pkoi the Chopper (Hill Orc Monk)                    Turns: 3179, Time: 00:02:00

Health: -2/33      AC:  2    Str: 13    XL:     3   Next: 47%
Magic:  3/3        EV: 12    Int: 12    God:
Gold:   94         SH:  0    Dex: 13    Spells: 2/2 levels left

rFire   + . .      SeeInvis +   a - +0 hand axe
rCold   + . .      Faith    .   (no shield)
rNeg    . . .      Spirit   .   b - +0 robe
rPois   +          Reflect  .   (no helmet)
rElec   +          Harm     .   (no cloak)
rCorr   +          Rampage  .   (no gloves)
Will    .....                   (no boots)
Stlth   ++........              (no amulet)
HPRegen 0.11/turn               c - ring of see invisible
MPRegen 0.08/turn               (no ring)

@: resistant
A: no striking features
a: no special abilities


You were on level 3 of the Dungeon.
You visited 1 branch of the dungeon, and saw 3 of its levels.

You collected 94 gold pieces.

Inventory:

Hand Weapons
 a - a +0 hand axe (weapon)
 e - a +0 short sword of electrocution
Armour
 b - a +0 robe (worn)
Jewellery
 c - a ring of see invisible (left hand)
Scrolls
 f - 3 scrolls of identify {unknown}
 j - a scroll of silence {unknown}
 k - a scroll of enchant armour {unknown}
Potions
 g - a potion of berserk rage {unknown}
 h - a potion of heal wounds {unknown}
 i - a potion of haste {unknown}
 l - a potion of lignification {unknown}


   Skills:
 + Level 4.0 Fighting
 * Level 5.2 Axes
 + Level 1.2 Armour
 - Level 2.4 Dodging
 - Level 1.5 Stealth


You had 2 spell levels left.
You didn't know any spells.
Your spell library was empty.

Dungeon Overview and Level Annotations

Branches:
Dungeon (3/15)

Altars:

Shops:
D:1 ?   D:3 ?


Message History

You're too confused to move!
The ball python closely misses you. The ball python misses you.
The orc wizard hits you with a +0 dagger.
The ball python bites you but does no damage.
The ball python misses you.
An orc priest comes into view. It is wielding a +0 flail.
You feel less confused.
The orc priest shouts, "Join the one true god or die!" (press Y on the ability menu to convert to Beogh)
The orc priest shouts!
You hear a shout! x2
The orc wizard hits you with a +0 dagger.
* * * LOW HITPOINT WARNING * * *
An orc comes into view. It is wielding a +0 dagger.
The ball python bites you.
* * * LOW HITPOINT WARNING * * *
The ball python barely misses you.
Found 8 gold pieces.
An orc comes into view. It is wielding a +0 trident.
The orc wizard casts a spell at you. The magic dart hits you!
* * * LOW HITPOINT WARNING * * *
Unknown command.
You barely miss the orc wizard.
The orc wizard is moderately wounded.
You hit the orc wizard.
The orc wizard is severely wounded.
The orc wizard casts a spell at you. The magic dart hits you.
* * * LOW HITPOINT WARNING * * *
You closely miss the orc wizard.
The orc wizard is severely wounded.
The orc wizard casts a spell at you. The magic dart hits you!
* * * LOW HITPOINT WARNING * * *
The orc wizard closely misses you.
Unknown command.
It was a potion of resistance.
You feel protected.
The orc wizard hits you with a +0 dagger.
You die...

##############
##............##
##...# ##o.$....#
##.....##.#@###..#
.......oS###.##..#
.#?....#..#..##..#
....#...∩..#.##..#
..##o#######.##..##
# .
................#.#
.##
####.#####...#.####
. # #.........
#...#.####


You could see an orc wizard.

Vanquished Creatures
  A worm (D:2)
  A dart slug (D:1)
  An orc (D:3)
  A ball python (D:1)
  4 bats
  6 endoplasms
  2 goblins (D:1)
  5 hobgoblins
  A quokka (D:1)
  5 frilled lizards
  A kobold (D:3)
  4 rats
32 creatures vanquished.

Notes
Turn   | Place    | Note
-------+----------+-------------------------------------------
     0 | D:1      | pkoi the Hill Orc Monk began the quest for the Orb.
     0 | D:1      | Reached XP level 1. HP: 19/19 MP: 1/1
     8 | D:1      | Found Iluj's Magic Scroll Shoppe.
   115 | D:1      | You fall into a shaft and drop 1 floor!
   451 | D:2      | Reached XP level 2. HP: 23/27 MP: 2/2
   797 | D:1      | Reached skill level 1 in Armour
  1319 | D:1      | Reached XP level 3. HP: 33/33 MP: 3/3
  2343 | D:2      | Reached skill level 5 in Axes
  2485 | D:2      | Found a faded altar of an unknown god.
  3160 | D:3      | Found Copruod's Magic Scroll Shoppe.
  3178 | D:3      | HP: 1/33 [orc wizard/magic dart (8)]
  3179 | D:3      | Slain by an orc wizard

Illustrated notes

Levels and vault maps discovered:
D:1:      amcnicky_arrival_wind_blow, layout_basic, serial_shops, shop_fountains
D:2:      layout_loops_corners, ebering_ecumenical_altar_webs
D:3:      layout_loops_ring, serial_shops, nicolae_shop_statue_plus, shop,
          guppyfry_early_orc_mine, uniq_grinder

Skill      XL: |  1  2  3 |
---------------+----------+-----
Armour         | 1 |  1.2
Axes           | 5 |  5.2
Fighting       | 4 |  4.0
Dodging        | |  2.4
Stealth        | |  1.5

Action                   || total
-------------------------++-------
Melee: Short sword       ||    39
       Hand axe          ||    73
  Use: Potion            ||     1
 Stab: Sleeping          ||     4
Armor: Robe              ||    33
Dodge: Dodged            ||    66
